Map: Backwater LE

Players

EGG

  • Race: Zerg Zerg
  • League: Grandmaster
  • Spawn Location: 11:00

puCK (Nina) - Winner!

  • Race: Protoss Protoss
  • Spawn Location: 5:00

VOD

Have the link to the VOD?

Description

Time

  • Played on: Feb. 3, 2018, 5:33 p.m.
  • Length: 23:07
Show
View Real Time Build Order
Export as new Build Order

EGG Zerg 

Build Orders: Hatch First, Lurkers 

Get SALT Encoding   

  12  0:01  Drone  
  13  0:12  Overlord  
  13  0:16  Drone  
  14  0:30  Drone x2  
  14  0:34  Drone  
  17  0:51  Hatchery  
  17  0:54  Drone  
  17  0:57  Drone  
  17  1:03  Extractor  
  17  1:12  Spawning Pool  
  17  1:16  Drone  
  17  1:19  Drone  
  18  1:28  Drone  
  19  1:38  Overlord  
  19  1:51  Drone  
  20  1:59  Queen  
  22  2:03  Queen  
  22  2:04  Drone x2  
  26  2:11  Metabolic Boost  
  26  2:14  Drone  
  27  2:31  Hatchery  
  27  2:34  Zergling x4  
  28  2:39  Drone x2  
  28  2:41  Drone  
  31  2:46  Drone  
  31  2:50  Queen  
  34  2:55  Overlord  
  34  3:09  Queen  
  34  3:11  Overlord  
  36  3:17  Spore Crawler, Drone  
  36  3:19  Spore Crawler  
  35  3:21  Zergling x6  
  38  3:27  Drone x3  
  40  3:38  Drone x2  
  41  3:46  Drone  
  42  3:55  Drone  
  42  3:56  Drone x2  
  42  4:02  Evolution Chamber, Spore Crawler  
  43  4:03  Baneling Nest  
  43  4:05  Drone x2  
  43  4:06  Drone x2  
  46  4:13  Drone  
  46  4:14  Drone  
  48  4:20  Queen  
  48  4:22  Overlord  
  48  4:23  Extractor  
  49  4:24  Overlord  
  49  4:36  Pneumatized Carapace  
  49  4:45  Drone x3  
  51  4:46  Drone  
  51  4:47  Drone x3  
  51  4:49  Extractor  
  51  4:52  Spore Crawler, Drone  
  55  4:53  Drone x3  
  55  4:55  Spore Crawler  
  55  5:01  Drone  
  55  5:02  Drone x2  
  58  5:15  Spore Crawler  
  58  5:17  Overlord x3  
  58  5:18  Overlord  
  57  5:22  Lair  
  51  5:36  Drone x6  
  51  5:37  Drone  
  51  5:38  Drone x2  
  51  5:40  Drone x3  
  63  5:45  Extractor  
  63  5:46  Zerg Melee Weapons Level 1  
  62  5:54  Hatchery  
  61  5:59  Drone x2  
  61  6:01  Extractor  
  62  6:05  Drone  
  62  6:06  Drone x2  
  62  6:07  Drone  
  62  6:09  Drone x2  
  68  6:15  Drone x3  
  70  6:19  Drone x2  
  70  6:24  Centrifical Hooks  
  70  6:25  Hydralisk Den  
  68  6:29  Drone  
  68  6:30  Drone x3  
  68  6:31  Drone  
  72  6:36  Drone x3  
  73  6:42  Drone x4  
  73  6:43  Overlord  
  73  6:44  Overlord x3  
  73  6:45  Extractor  
  76  6:55  Hydralisk  
  76  6:56  Hydralisk, Grooved Spines  
  80  7:04  Drone x4, Spore Crawler  
  80  7:05  Hydralisk x3  
  80  7:06  Spore Crawler  
  86  7:09  Queen  
  88  7:17  Infestation Pit, Hydralisk x4  
  93  7:25  Drone x2  
  93  7:26  Drone x2  
  95  7:33  Drone x3  
  95  7:35  Drone, Hydralisk  
  95  7:36  Hydralisk x2  
  104  7:48  Drone x2  
  104  7:49  Zergling x2  
  104  7:50  Lurker Den, Zergling x16  
  114  7:54  Spore Crawler  
  114  7:57  Zerg Melee Weapons Level 2  
  113  8:01  Hive  
  113  8:05  Drone  
  114  8:09  Zergling x10  
  114  8:10  Zergling x2  
  119  8:13  Overlord x2  
  119  8:31  Hydralisk x5  
  127  8:38  Drone x2  
  127  8:39  Drone x2  
  126  8:50  Hatchery  
  126  8:51  Extractor  
  126  8:53  Muscular Augments  
  121  8:58  Drone x4  
  121  9:00  Spine Crawler  
  121  9:01  Zergling x8  
  121  9:02  Zergling x18  
  136  9:06  Spine Crawler x2  
  136  9:08  Overseer  
  134  9:15  Adaptive Talons  
  134  9:17  Lurker x2  
  134  9:19  Overlord x2  
  134  9:23  Adrenal Glands  
  136  9:29  Lurker x3  
  136  9:34  Baneling x15  
  136  9:38  Overlord x2  
  136  9:42  Zergling x30  
  150  9:56  Spire  
  150  9:59  Overlord x3  
  149  10:02  Drone x2  
  149  10:04  Ultralisk Cavern  
  150  10:10  Lurker  
  150  10:11  Lurker  
  150  10:12  Lurker  
  154  10:14  Drone x3  
  154  10:15  Drone, Extractor  
  155  10:22  Zergling x12  
  158  10:31  Hatchery  
  108  10:50  Hydralisk x7  
  108  10:51  Hydralisk x6  
  133  11:03  Zerg Melee Weapons Level 3  
  134  11:04  Drone x8  
  134  11:07  Extractor  
  140  11:12  Greater Spire  
  140  11:24  Queen  
  143  11:25  Drone  
  143  11:26  Drone x4  
  143  11:27  Drone  
  148  11:40  Chitinous Plating  
  148  11:42  Ultralisk x2  
  160  11:48  Zergling x22  
  160  11:49  Zergling x2  
  168  12:11  Drone x3  
  168  12:13  Corruptor x2  
  168  12:14  Corruptor x2  
  178  12:16  Hatchery  
  178  12:18  Evolution Chamber  
  175  12:31  Ultralisk x2  
  175  12:35  Extractor x2  
  185  12:38  Overlord  
  185  12:42  Overlord x2  
  185  12:45  Zerg Flyer Weapons Level 1  
  185  12:52  Drone x3, Extractor x2  
  186  13:07  Zerg Ground Armor Level 1  
  186  13:08  Ultralisk x2  
  198  13:23  Spore Crawler  
  198  13:25  Spore Crawler x3, Brood Lord x2  
  198  13:26  Spore Crawler, Brood Lord  
  199  13:28  Spore Crawler x3, Brood Lord  
  199  13:30  Spore Crawler  
  199  13:31  Spore Crawler, Infestor x2  
  210  13:47  Zerg Missile Weapons Level 1  
  210  14:01  Spore Crawler  
  209  14:03  Spine Crawler  
  197  14:42  Spore Crawler, Spine Crawler  
  197  14:43  Spine Crawler  
  194  14:46  Zerg Flyer Weapons Level 2  
  194  14:50  Pathogen Glands  
  194  14:51  Burrow  
  194  15:08  Spine Crawler  
  194  15:09  Spine Crawler  
  194  15:12  Spore Crawler, Spine Crawler  
  194  15:13  Spine Crawler  
  189  15:17  Zerg Ground Armor Level 2  
  189  15:19  Queen  
  191  15:22  Queen  
  193  15:31  Infestor x3  
  199  15:47  Neural Parasite  
  183  16:17  Ultralisk x6  
  183  16:18  Ultralisk x2  
  199  16:21  Drone x3  
  196  16:27  Zerg Missile Weapons Level 2  
  196  16:36  Zergling x2  
  196  16:37  Zergling x6  
  200  17:04  Overseer x2  
  168  17:23  Corruptor x5  
  168  17:24  Corruptor x12  
  197  17:30  Drone x3  
  199  17:45  Extractor  
  199  17:46  Hatchery  
  199  17:49  Extractor  
  196  17:57  Spine Crawler  
  196  17:58  Spine Crawler x2  
  193  18:01  Spine Crawler  
  192  18:11  Zerg Flyer Weapons Level 3  
  192  18:14  Zergling x16  
  200  18:24  Zerg Ground Armor Level 3  
  200  18:46  Zerg Missile Weapons Level 3  
  200  18:51  Overseer  
  198  19:21  Infestor  
  199  19:54  Spine Crawler  
  199  19:55  Spine Crawler  
  199  19:58  Spine Crawler  
  199  19:59  Spine Crawler  
  195  20:00  Spine Crawler  
  190  20:11  Infestor x3  
  190  20:12  Infestor x2  
  192  20:19  Drone  
  192  20:20  Drone x3  
  193  20:21  Drone  
  193  20:22  Drone  
  194  20:48  Zerg Flyer Armor Level 1  
  182  21:05  Corruptor x2  
  182  21:06  Corruptor x7  
Show
View Real Time Build Order
Export as new Build Order

puCK Protoss - Winner!

Build Orders: 1 Gate Expand, Phoenix Opening 

Get SALT Encoding   

  12  0:07  Probe  
  13  0:19  Probe  
  14  0:24  Pylon  
  14  0:31  Probe  
  15  0:43  Probe  
  15  0:45  Gateway  
  16  0:56  Probe, Assimilator  
  17  1:08  Probe  
  18  1:20  Probe  
  19  1:32  Nexus  
  19  1:40  Cybernetics Core  
  19  1:44  Probe  
  20  1:54  Assimilator  
  20  1:56  Probe  
  21  2:02  Pylon  
  21  2:08  Probe  
  22  2:18  Adept (Chrono Boost)  
  22  2:20  Probe  
  25  2:31  Stargate  
  25  2:32  Probe  
  25  2:36  Adept (Chrono Boost)  
  28  2:44  Probe, Warp Gate  
  28  2:47  Probe  
  30  2:55  Adept  
  30  2:56  Probe  
  33  3:02  Probe  
  34  3:08  Probe  
  35  3:14  Probe  
  35  3:15  Phoenix (Chrono Boost)  
  35  3:19  Gateway  
  38  3:23  Probe  
  39  3:39  Probe  
  39  3:40  Probe  
  39  3:41  Phoenix (Chrono Boost)  
  41  3:48  Pylon  
  41  3:52  Probe (Chrono Boost)  
  43  3:55  Probe (Chrono Boost)  
  43  4:00  Phoenix  
  46  4:03  Probe (Chrono Boost)  
  46  4:08  Probe x2 (Chrono Boost)  
  47  4:14  Pylon  
  48  4:19  Probe x2  
  50  4:25  Phoenix (Chrono Boost)  
  50  4:26  Nexus  
  50  4:31  Probe  
  53  4:33  Robotics Facility  
  53  4:35  Probe  
  54  4:45  Assimilator x2  
  54  4:48  Probe, Phoenix (Chrono Boost)  
  54  4:50  Pylon  
  57  4:53  Zealot  
  57  4:56  Probe  
  60  5:01  Probe  
  60  5:02  Pylon  
  61  5:08  Probe  
  61  5:13  Probe  
  63  5:18  Forge  
  64  5:28  Probe, Sentry  
  64  5:29  Probe, Sentry  
  65  5:39  Observer (Chrono Boost)  
  65  5:40  Probe  
  65  5:41  Probe  
  65  5:42  Gateway x2  
  68  5:43  Gateway  
  68  5:46  Probe  
  68  5:48  Robotics Bay  
  69  5:50  Protoss Ground Weapons Level 1 (Chrono Boost)  
  69  5:52  Probe  
  69  5:54  Probe  
  69  5:55  Pylon  
  71  5:58  Probe (Chrono Boost), Warp Prism (Chrono Boost)  
  74  6:06  Probe (Chrono Boost), Assimilator x2  
  74  6:09  Probe (Chrono Boost)  
  74  6:10  Probe (Chrono Boost)  
  77  6:16  Probe (Chrono Boost)  
  79  6:19  Probe (Chrono Boost)  
  79  6:20  Probe (Chrono Boost)  
  80  6:27  Gateway  
  80  6:28  Probe  
  80  6:29  Twilight Council  
  81  6:36  Colossus (Chrono Boost)  
  81  6:39  Extended Thermal Lance  
  87  6:45  Probe  
  87  6:46  Probe x2  
  90  6:48  Pylon  
  90  6:49  Pylon  
  90  6:50  Sentry  
  90  6:52  Pylon, Sentry  
  94  6:57  Photon Cannon  
  94  6:58  Probe x2  
  96  7:02  Adept  
  96  7:03  Adept  
  96  7:06  Blink  
  100  7:28  Colossus (Chrono Boost)  
  100  7:35  Probe x3  
  100  7:36  Stalker  
  100  7:37  Stalker x5  
  114  7:39  Protoss Ground Weapons Level 2 (Chrono Boost)  
  114  7:42  Pylon  
  120  7:46  Nexus  
  120  7:57  Pylon  
  120  8:00  Zealot  
  120  8:01  Zealot  
  124  8:14  Colossus, Stalker  
  124  8:15  Stalker x3  
  138  8:24  Gateway x2  
  138  8:26  Gateway  
  138  8:32  Stalker  
  138  8:34  Photon Cannon  
  138  8:36  Photon Cannon  
  138  8:40  Stalker x3  
  140  8:44  Pylon  
  140  8:46  Pylon  
  140  8:47  Pylon  
  140  9:03  Stalker x4  
  140  9:04  Stalker x2  
  140  9:09  Templar Archives  
  152  9:11  Photon Cannon  
  152  9:12  Photon Cannon  
  152  9:15  Charge  
  152  9:32  Stalker x8  
  168  9:39  Assimilator  
  168  9:54  Psionic Storm  
  168  9:55  Stalker  
  168  9:56  Stalker x5  
  180  10:01  Pylon  
  180  10:03  Pylon  
  180  10:05  Assimilator  
  180  10:08  Protoss Ground Weapons Level 3  
  180  10:30  Fleet Beacon  
  180  10:34  Stargate  
  152  10:44  Colossus (Chrono Boost)  
  110  10:55  Stalker x4  
  110  10:57  Zealot x5  
  100  11:03  Probe x2  
  110  11:09  Probe, Gateway  
  111  11:12  Tempest (Chrono Boost)  
  111  11:13  Robotics Facility  
  117  11:22  Tempest (Chrono Boost)  
  117  11:23  High Templar x2  
  127  11:26  Zealot x4  
  135  11:44  Tempest  
  135  11:45  Colossus  
  147  12:00  Zealot x8  
  159  12:06  Tempest (Chrono Boost)  
  159  12:07  High Templar  
  167  12:21  Nexus  
  167  12:25  Pylon  
  167  12:27  Pylon  
  167  12:33  Tempest (Chrono Boost)  
  171  12:46  Observer  
  171  12:47  Observer  
  171  12:49  Photon Cannon  
  171  12:50  Protoss Air Weapons Level 1 (Chrono Boost)  
  173  12:51  Photon Cannon  
  173  12:53  Photon Cannon  
  173  12:54  Photon Cannon  
  173  12:56  Stargate  
  173  12:57  Photon Cannon  
  173  12:59  Cybernetics Core  
  173  13:05  Oracle  
  176  13:09  High Templar  
  176  13:10  High Templar x2  
  182  13:15  Oracle  
  182  13:16  Observer  
  182  13:17  Zealot x5  
  196  13:22  Protoss Shields Level 1 (Chrono Boost)  
  196  13:23  Assimilator  
  196  13:51  Photon Cannon  
  196  13:52  Protoss Air Armor Level 1 (Chrono Boost)  
  196  13:53  Photon Cannon  
  196  13:54  Photon Cannon, Assimilator  
  196  13:57  Photon Cannon  
  196  14:00  Photon Cannon  
  196  14:03  Photon Cannon  
  193  14:16  Zealot x3  
  199  14:21  Immortal x2  
  195  14:28  Photon Cannon x2  
  190  14:35  Void Ray  
  190  14:36  Void Ray  
  198  14:44  Protoss Air Weapons Level 2 (Chrono Boost)  
  194  15:01  Pylon  
  194  15:02  Pylon  
  194  15:04  Pylon, High Templar x6  
  194  15:05  High Templar  
  192  15:09  Archon x2  
  192  15:10  Archon  
  192  15:11  High Templar  
  194  15:16  Archon  
  194  15:23  Void Ray  
  194  15:28  Protoss Air Armor Level 2 (Chrono Boost)  
  184  16:01  Oracle  
  163  16:21  Carrier x2  
  175  16:29  High Templar x8  
  191  16:33  Archon x3  
  191  16:34  Archon  
  191  17:10  Nexus  
  167  17:26  Carrier  
  167  17:28  Immortal (Chrono Boost)  
  172  17:33  Protoss Shields Level 2 (Chrono Boost)  
  172  17:34  Protoss Air Weapons Level 3  
  172  17:37  Immortal (Chrono Boost)  
  172  17:38  Protoss Air Armor Level 3  
  172  17:44  Pylon  
  172  17:46  Pylon  
  172  17:47  Carrier  
  178  17:55  Graviton Catapult (Chrono Boost)  
  178  17:59  Probe  
  179  18:11  Probe, Immortal  
  179  18:12  Immortal  
  187  18:23  Photon Cannon  
  187  18:25  Photon Cannon  
  187  18:26  Photon Cannon  
  187  18:30  Photon Cannon  
  187  18:41  Photon Cannon  
  187  18:44  Photon Cannon  
  187  18:54  Observer  
  188  19:00  Carrier  
  192  19:19  Mothership  
  200  19:25  Assimilator  
  200  19:29  Assimilator  
  198  20:28  Oracle  
  197  20:35  Oracle  
  200  20:37  Photon Cannon  
  200  20:41  Photon Cannon  
  200  20:43  Shield Battery  
  200  20:45  Stargate  
  200  20:46  Gateway  
  200  20:47  Shield Battery  
  200  20:49  Gateway  
  199  20:51  Gateway  
  198  20:59  Observer x2  
  198  21:03  Photon Cannon  
  200  21:05  Photon Cannon  
  200  21:07  Pylon  
  200  21:08  Pylon  
Tags
 
Add a new tag
Caveats
  • Supply blocks, unpowered buildings, or Contaminate may cause inaccurate times.
  • Supply counts are checked every 10 seconds.